Map: Eternal Empire LE

Players

TIME (Oliveira) - Winner!

  • Race: Terran Terran
  • League: Grandmaster
  • Spawn Location: 1:00

Bunny

  • Race: Terran Terran
  • Spawn Location: 7:00

Event: War Chest Team League

VOD

Have the link to the VOD?

Description

Time

  • Played on: July 28, 2020, 6:13 a.m.
  • Length: 10:16
Show
View Real Time Build Order
Export as new Build Order

TIME Terran - Winner!

Build Orders: Reaper Expand 

Get SALT Encoding   

  12  0:00  SCV  
  13  0:12  SCV  
  14  0:17  Supply Depot  
  14  0:25  SCV  
  15  0:39  SCV  
  15  0:40  Barracks  
  16  0:44  Refinery  
  16  0:51  SCV  
  17  1:03  SCV  
  18  1:15  SCV  
  19  1:28  Reaper, Orbital Command  
  20  1:42  Command Center  
  20  1:54  SCV  
  20  1:55  Supply Depot  
  20  2:00  Marine  
  22  2:06  SCV  
  23  2:12  Factory  
  23  2:17  Marine  
  24  2:23  Bunker  
  24  2:24  SCV  
  25  2:31  Refinery  
  25  2:36  Marine  
  26  2:39  SCV  
  25  2:51  SCV  
  25  2:54  Marine  
  26  3:02  Hellion  
  26  3:03  SCV, Starport  
  27  3:11  Marine  
  26  3:15  SCV  
  26  3:19  Orbital Command  
  26  3:24  Hellion  
  28  3:27  SCV  
  28  3:30  Barracks Reactor  
  29  3:39  SCV  
  29  3:40  Starport Tech Lab  
  30  3:45  SCV  
  30  3:46  Factory Tech Lab  
  31  3:51  SCV  
  32  3:57  SCV  
  32  3:58  Raven  
  32  4:00  Refinery  
  35  4:03  SCV  
  35  4:06  Marine x2  
  35  4:09  SCV  
  39  4:13  Cyclone  
  39  4:15  SCV  
  39  4:16  Supply Depot  
  43  4:21  SCV  
  44  4:26  Marine x2  
  46  4:31  Supply Depot  
  46  4:37  SCV x2  
  48  4:42  Raven  
  50  4:49  SCV  
  50  4:50  SCV  
  50  4:52  Command Center  
  52  4:55  Marine  
  52  4:57  Marine  
  54  5:01  Siege Tank  
  54  5:03  SCV  
  54  5:05  SCV  
  59  5:08  Supply Depot  
  59  5:15  SCV  
  59  5:17  SCV  
  62  5:28  SCV  
  61  5:30  SCV  
  61  5:35  Supply Depot, Siege Tank  
  65  5:36  Viking x2, Refinery  
  65  5:38  Marine  
  69  5:43  Stimpack  
  69  5:44  SCV  
  69  5:49  SCV  
  69  5:51  Supply Depot  
  69  5:52  Supply Depot  
  69  5:56  SCV  
  67  6:02  SCV, Marine  
  69  6:07  Siege Tank  
  69  6:08  Viking  
  69  6:10  SCV  
  75  6:16  Orbital Command  
  75  6:19  SCV  
  75  6:21  Viking  
  75  6:24  SCV  
  79  6:27  Marine  
  80  6:34  Orbital Command  
  80  6:36  SCV  
  80  6:38  SCV, Barracks  
  80  6:39  Barracks  
  82  6:44  Siege Tank  
  85  6:48  Viking  
  85  6:51  Viking  
  85  6:52  SCV  
  90  6:58  SCV  
  90  7:01  SCV  
  84  7:16  Widow Mine  
  84  7:21  SCV  
  87  7:24  Combat Shield  
  87  7:25  Marine  
  87  7:26  SCV, Engineering Bay x2  
  89  7:31  SCV  
  89  7:32  Supply Depot  
  89  7:34  SCV  
  89  7:36  Barracks Reactor, Barracks Tech Lab  
  91  7:38  SCV, Barracks x2  
  91  7:39  Siege Tank  
  91  7:43  SCV  
  95  7:46  SCV  
  95  7:47  Marauder  
  87  7:58  SCV  
  87  7:59  SCV  
  87  8:01  Marauder  
  87  8:02  Medivac x2  
  87  8:03  SCV  
  95  8:10  SCV  
  94  8:12  Marine  
  94  8:13  Marauder  
  94  8:16  Siege Tank  
  94  8:17  Marine  
  94  8:19  SCV  
  101  8:20  SCV  
  101  8:28  Marine  
  101  8:30  SCV, Marine  
  101  8:32  Viking x2  
  108  8:34  Marauder  
  108  8:38  Marine  
  108  8:39  SCV  
  102  8:43  SCV  
  102  8:45  SCV  
  102  8:46  Marauder  
  102  8:47  Supply Depot  
  102  8:48  Marine  
  102  8:49  Barracks Reactor  
  102  8:50  Barracks Tech Lab  
  102  8:55  Marine  
  102  8:56  Marine  
  102  8:59  SCV  
  94  9:04  SCV  
  94  9:06  Marine  
  94  9:07  Marine  
  94  9:08  SCV  
  98  9:12  Marine  
  98  9:13  SCV  
  98  9:14  Marauder, Marine  
  98  9:16  SCV  
  98  9:17  Siege Tank  
  98  9:18  Armory  
  98  9:23  SCV  
  98  9:24  Marine  
  102  9:25  Supply Depot, Marine  
  102  9:26  Medivac  
  102  9:27  Medivac  
  102  9:29  Marine  
  102  9:30  Marauder  
  102  9:31  Concussive Shells  
  111  9:34  SCV  
  111  9:35  Refinery x2  
  111  9:36  SCV  
  111  9:37  SCV  
  111  9:38  Marine  
  115  9:40  Marauder  
  117  9:47  Marauder, Marine x2  
  117  9:48  Supply Depot  
  117  9:50  SCV, Supply Depot  
  117  9:51  SCV x2  
  124  9:57  Marine  
Show
View Real Time Build Order
Export as new Build Order

Bunny Terran 

Build Orders: Mech 

Get SALT Encoding   

  12  0:00  SCV  
  13  0:13  SCV  
  14  0:17  Supply Depot  
  14  0:25  SCV  
  15  0:38  SCV  
  15  0:40  Barracks  
  16  0:44  Refinery  
  16  0:57  Barracks  
  16  1:01  SCV  
  17  1:13  SCV  
  18  1:28  Reaper, Orbital Command  
  19  1:36  Supply Depot  
  19  1:45  Reaper  
  20  1:53  SCV  
  21  2:05  SCV, Reaper  
  23  2:17  Command Center  
  23  2:19  SCV  
  24  2:23  Reaper  
  25  2:30  Refinery  
  25  2:31  SCV  
  26  2:43  SCV  
  27  2:45  Reaper  
  28  2:53  Supply Depot  
  28  2:55  SCV  
  28  3:03  Reaper  
  27  3:14  SCV  
  27  3:16  Command Center  
  28  3:24  Factory  
  28  3:27  SCV  
  29  3:34  Orbital Command  
  29  3:39  Barracks Reactor  
  29  3:40  SCV  
  30  3:53  SCV  
  31  4:01  SCV  
  32  4:05  SCV  
  32  4:07  Factory Tech Lab  
  32  4:09  Bunker  
  33  4:11  Starport  
  33  4:14  Marine  
  33  4:15  SCV  
  33  4:16  Marine  
  36  4:19  SCV  
  37  4:28  Cyclone, Orbital Command  
  37  4:29  SCV  
  41  4:31  Refinery  
  41  4:32  SCV, Marine  
  41  4:34  Marine  
  41  4:38  Refinery  
  44  4:44  SCV  
  44  4:45  SCV  
  46  4:55  SCV  
  46  4:57  SCV  
  46  4:58  Barracks Tech Lab  
  48  5:00  Siege Tank  
  48  5:03  Viking x2  
  48  5:05  SCV  
  56  5:07  SCV  
  56  5:09  SCV  
  58  5:18  SCV  
  58  5:19  SCV, Supply Depot, Marine  
  58  5:21  SCV  
  62  5:29  Orbital Command  
  62  5:32  Siege Tank  
  62  5:33  Viking x2  
  69  5:38  Supply Depot  
  69  5:40  SCV x2  
  71  5:44  Marine  
  72  5:53  SCV x2  
  72  6:02  Viking, Factory  
  72  6:03  Viking  
  75  6:05  SCV x3, Factory  
  78  6:13  Barracks Reactor  
  78  6:14  Siege Tank  
  78  6:17  SCV, Refinery  
  82  6:21  Refinery  
  82  6:22  SCV x2  
  82  6:24  Engineering Bay  
  82  6:25  Armory  
  83  6:29  SCV  
  84  6:32  Viking  
  85  6:44  Supply Depot  
  85  6:52  Supply Depot  
  85  6:54  Supply Depot  
  85  6:57  SCV  
  85  6:58  Supply Depot  
  85  7:05  SCV, Hellion x2, Siege Tank  
  91  7:08  Liberator  
  91  7:09  Liberator  
  91  7:11  Siege Tank  
  83  7:22  SCV x2  
  82  7:27  Armory, Hellion x2, Terran Vehicle Weapons Level 1  
  85  7:31  Command Center  
  85  7:48  Hellion x2  
  89  7:51  Viking  
  89  7:52  Viking  
  89  7:57  Siege Tank  
  78  8:00  Siege Tank  
  78  8:05  SCV x2  
  81  8:10  Hellion x2  
  83  8:21  Viking  
  83  8:22  Viking  
  80  8:29  Siege Tank  
  78  8:40  Orbital Command  
  57  8:44  Hellion x2  
  52  8:49  SCV  
  52  8:53  Viking x2  
  54  9:03  SCV  
  52  9:12  SCV  
  52  9:15  SCV  
  53  9:17  Hellion x2  
  53  9:18  Hellion x2  
  61  9:26  SCV x2  
  61  9:27  SCV  
  61  9:31  Barracks  
  64  9:38  SCV x2  
  65  9:39  SCV  
  65  9:41  Medivac  
  65  9:44  Medivac  
  71  9:49  Hellbat  
  73  9:53  SCV x2  
Tags
 
Add a new tag
Caveats
  • Supply blocks, unpowered buildings, or Contaminate may cause inaccurate times.
  • Supply counts are checked every 10 seconds.